 Dungeon Sprint DCSS version 0.31.0-9-g3a7656b989 (webtiles) character file.

Game seed: 12055596524971025116

130 Heoruswealwe the Spear-Bearer (level 4, -7/45 HPs)
             Began as a Minotaur Fighter on Feb 5, 2024.
             Mangled by an iguana (8 damage)
             ... in the Dungeon (Sprint IX: "|||||||||||||||||||||||||||||").
             The game lasted 00:00:38 (57 turns).

Heoruswealwe the Spear-Bearer (Minotaur Fighter)      Turns: 57, Time: 00:00:39

Health: -7/45      AC:  7    Str: 22    XL:     4   Next: 89%
Magic:  3/3        EV:  9    Int:  5    God:
Gold:   0          SH:  4    Dex: 10    Spells: 3/3 levels left

rFire   . . .        a - +0 trident
rCold   . . .        d - +0 buckler
rNeg    . . .        c - +0 scale mail
rPois   .            (helmet restricted)
rElec   .            (no cloak)
rCorr   .            (no gloves)
SInv    .            (no boots)
Will    .....        (no amulet) Stlth
                     (no ring)
HPRegen 0.27/turn    (no ring)
MPRegen 0.08/turn

%: no teleportation
@: no status effects
A: horns 2, retaliatory headbutt
a: no special abilities


You were in the Dungeon.
You visited 1 branch

Inventory:

Hand Weapons
 a - a +0 trident (weapon)
Armour
 c - a +0 scale mail (worn)
 d - a +0 buckler (worn)
Scrolls
 j - a scroll of blinking
Potions
 b - a potion of might
 f - a potion of heal wounds
 g - a potion of haste
 h - 2 potions of magic
 i - a potion of berserk rage


   Skills:
 + Level 6.8 Fighting
 * Level 8.6 Polearms
 + Level 6.8 Armour
 - Level 3.6 Shields


You had 3 spell levels left.
You didn't know any spells.
Your spell library was empty.

Dungeon Overview and Level Annotations

Branches:
Dungeon (1/1)

Altars:


Innate Abilities, Weirdness & Mutations

You have a pair of horns on your head.
You reflexively headbutt those who attack you in melee.


Message History

The water moccasin is almost dead.
You feel sick.
The water moccasin bites you but does no damage.
You barely miss the water moccasin.
Your headbutt misses the water moccasin.
The water moccasin is almost dead.
You feel sick. The water moccasin barely misses you. You furiously retaliate!
You headbutt the water moccasin!
You kill the water moccasin!
Your Fighting skill increases to level 6!
Your Polearms skill gained 3 levels and is now at level 8!
Your Armour skill increases to level 6!
You have reached level 4!
You feel agile.
You puncture the iguana!
The iguana is heavily wounded.
You feel sick. The iguana barely misses you.
You hit the iguana but do no damage.
The iguana is heavily wounded.
You feel sick.
You hit the iguana but do no damage. Your headbutt misses the iguana.
The iguana is heavily wounded.
You feel sick. The iguana bites you.
You closely miss the iguana.
The iguana is heavily wounded.
You feel sick. The iguana bites you!
* * * LOW HITPOINT WARNING * * *
You closely miss the iguana.
The iguana is heavily wounded.
You feel sick. The iguana misses you.
You hit the iguana.
The iguana is almost dead.
You feel sick.
You are no longer poisoned.
The iguana bites you.
* * * LOW HITPOINT WARNING * * *
You hit the iguana.
The iguana is almost dead.
The iguana bites you!
You die... ▓▓▓▓▓▓▓▓▓▓▓▓▓▓▓▓▓▓ +...SSl@....)...<▓ ▓▓▓▓▓▓▓▓▓▓▓▓▓▓▓▓▓▓

You could see an iguana and 2 adders.

Vanquished Creatures
  A water moccasin (D)
  An iguana (D)
  4 hobgoblins (D)
  A kobold (D)
7 creatures vanquished.

Notes
Turn   | Place    | Note
-------+----------+-------------------------------------------
     0 | D        | Heoruswealwe the Minotaur Fighter began the quest for the
                  | Orb.
     0 | D        | Reached XP level 1. HP: 19/19 MP: 0/0
     3 | D        | Banished a spatial maelstrom
     8 | D        | Reached skill level 3 in Polearms
    33 | D        | Noticed an iguana
    33 | D        | Noticed a water moccasin
    33 | D        | Noticed an iguana
    39 | D        | Killed an iguana
    40 | D        | Reached skill level 5 in Fighting
    40 | D        | Reached skill level 5 in Polearms
    40 | D        | Reached skill level 5 in Armour
    40 | D        | Reached XP level 2. HP: 27/29 MP: 1/1
    40 | D        | Reached XP level 3. HP: 34/36 MP: 2/2
    50 | D        | Killed a water moccasin
    51 | D        | Reached skill level 8 in Polearms
    51 | D        | Reached XP level 4. HP: 21/45 MP: 3/3
    56 | D        | HP: 1/45 [iguana (2)]
    57 | D        | Mangled by an iguana

Illustrated notes

Levels and vault maps discovered:
D:        linesprint [early_d, line_temple, items_1, d_10, items_2, lair_1,
          lair_end, items_3, orc_1, orc_end, items_4, d_15, swamp_1, shoals_1,
          snake_1, spider_1, d_20, vaults_1, items_5, swamp_end, shoals_end,
          snake_end, spider_end, vaults_end, d_27, items_6, zot_1, zot_end,
          crypt_end, forest_end, elf_end, slime_end, tomb_end, abyss_end,
          pan_hell_end]

Skill      XL: |  1  2  3 |
---------------+----------+-----
Polearms       | 5 8 |  8.6
Fighting       | 5 6 |  6.8
Armour         | 5 6 |  6.8
Shields        | |  3.6

Action                     |  1- 3 |  4- 6 || total
---------------------------+-------+-------++-------
  Melee: Trident           |    32 |     7 ||    39
         Headbutt          |     4 |       ||     4
    Use: Potion            |     1 |       ||     1
 Armour: Scale mail        |    18 |     4 ||    22
  Dodge: Dodged            |    14 |     2 ||    16
  Block: Buckler           |     4 |       ||     4
